General information
			
			
        
        - name: BNet
 
        - type: Ladder team game (AT/RT)
 
        - host: Battle.net
 
        - saver: MrGoodmanners
 
        
map: FullScaleAssault 
        - players: 8
 
        - length: 75:11
 
        - speed: Fast
 - version: 1.22 W3XP
 - replay type:  Public
 
» download(814 KB)
Players
        team 1 (loser) 
              
              
BullenschlitZer (
orange | 141 APM | 10591 actions | 75:11)
              
 8 Death Knight 
 3 Death Coil
 3 Unholy Aura
 1 Animate Dead
 1 Death Pact
 8 Lich 
 3 Frost Nova
 3 Frost Armor
 1 Death and Decay
 1 Dark Ritual
 7 Dark Ranger 
 3 Silence
 3 Life Drain
 1 Charm
 
                » actions 
                
                | Assign group hotkey | 265 |  | 
| Basic commands | 141 |  | 
| Build / train | 151 |  | 
| ESC pressed | 3 |  | 
| Enter build submenu | 47 |  | 
| Enter hero's abilities submenu | 24 |  | 
| Give item / drop item | 17 |  | 
| Right click | 3955 |  | 
| Select / deselect | 1110 |  | 
| Select group hotkey | 4552 |  | 
| Use ability | 326 |  | 
                10591 total
 » units 
                
                | Acolyte | 34 |  | 
| Ghoul | 3 |  | 
| Crypt Fiend | 11 |  | 
| Frost Wyrm | 18 |  | 
| Goblin Zeppelin | 3 |  | 
| Banshee | 1 |  | 
| Obsidian Statue | 3 |  | 
                73 total
 » upgrades
                
                | Creature Attack | 3 |  | 
| Creature Carapace | 3 |  | 
| Burrow | 1 |  | 
| Web | 1 |  | 
| Ghoul Frenzy | 1 |  | 
| Freezing Breath | 1 |  | 
| Banshee Training | 2 |  | 
| Destroyer Form | 1 |  | 
| Backpack | 1 |  | 
| Unholy Armor | 3 |  | 
| Unholy Strength | 3 |  | 
| Necromancer Training | 2 |  | 
| Skeletal Mastery | 1 |  | 
| Skeletal Longevity | 1 |  | 
| Disease Cloud | 1 |  | 
| Stone Form | 1 |  | 
                26 total
 » buildings
                
                | Graveyard | 1 |  | 
| Crypt | 2 |  | 
| Altar of Darkness | 1 |  | 
| Ziggurat | 20 |  | 
| Tomb of Relics | 3 |  | 
| Halls of the Dead | 1 |  | 
| Nerubian Tower | 1 |  | 
| Black Citadel | 1 |  | 
| Sacrificial Pit | 1 |  | 
| Boneyard | 4 |  | 
| Temple of the Damned | 2 |  | 
| Slaughterhouse | 2 |  | 
| Necropolis | 4 |  | 
| Spirit Tower | 5 |  | 
                48 total
 » build order
                00:06 Graveyard
00:08 Crypt
00:47 Altar of Darkness
00:59 Ziggurat
01:15 Ziggurat
01:18 Tomb of Relics
01:58 Halls of the Dead
02:22 Ziggurat
02:25 Nerubian Tower
03:21 Ziggurat
04:25 Black Citadel
04:29 Sacrificial Pit
06:01 Ziggurat
07:01 Boneyard
07:05 Boneyard
07:07 Boneyard
07:31 Boneyard
07:33 Ziggurat
07:36 Ziggurat
09:30 Ziggurat
14:22 Ziggurat
18:04 Crypt
18:07 Temple of the Damned
18:10 Temple of the Damned
20:09 Slaughterhouse
20:12 Slaughterhouse
36:17 Necropolis
52:10 Necropolis
54:46 Tomb of Relics
56:23 Ziggurat
58:07 Necropolis
59:16 Spirit Tower
59:17 Ziggurat
60:00 Ziggurat
60:41 Ziggurat
62:17 Spirit Tower
62:25 Ziggurat
62:37 Spirit Tower
63:00 Ziggurat
64:10 Necropolis
64:37 Spirit Tower
64:58 Ziggurat
68:01 Spirit Tower
69:51 Ziggurat
70:15 Ziggurat
71:14 Tomb of Relics
72:07 Ziggurat
» items
                
                | Rod of Necromancy | 2 |  | 
| Orb of Corruption | 2 |  | 
| Scroll of Town Portal | 8 |  | 
| Scroll of Healing | 2 |  | 
                14 total
  
               
              
              
pepp- (
green | 82 APM | 6190 actions | 75:11)
              
 8 Warden 
 3 Shadow Strike
 3 Blink
 1 Spirit of Vengeance
 1 Fan of Knives
 
                » actions 
                
                | Assign group hotkey | 415 |  | 
| Basic commands | 12 |  | 
| Build / train | 76 |  | 
| Enter build submenu | 18 |  | 
| Enter hero's abilities submenu | 9 |  | 
| Give item / drop item | 1 |  | 
| Remove unit from queue | 4 |  | 
| Right click | 3131 |  | 
| Select / deselect | 723 |  | 
| Select group hotkey | 1569 |  | 
| Use ability | 232 |  | 
                6190 total
 » units 
                
                | Wisp | 34 |  | 
| Druid of the Talon | 10 |  | 
| Faerie Dragon | 4 |  | 
| Goblin Zeppelin | 1 |  | 
| Blue Dragon | 1 |  | 
                50 total
 » upgrades
                
                | Druid of the Talon Training | 2 |  | 
| Mark of the Talon | 1 |  | 
| Well Spring | 1 |  | 
                4 total
 » buildings
                
                | Altar of Elders | 1 |  | 
| Moon Well | 4 |  | 
| Tree of Ages | 1 |  | 
| Tree of Life | 2 |  | 
| Ancient of Wonders | 1 |  | 
| Tree of Eternity | 1 |  | 
| Ancient of Wind | 1 |  | 
| Hunter's Hall | 1 |  | 
| Ancient Protector | 3 |  | 
                15 total
 » build order
                00:07 Altar of Elders
00:18 Moon Well
02:58 Moon Well
07:30 Tree of Ages
07:36 Tree of Life
08:30 Ancient of Wonders
10:29 Tree of Eternity
11:17 Ancient of Wind
14:27 Hunter's Hall
16:54 Moon Well
16:54 Moon Well
18:20 Ancient Protector
18:48 Tree of Life
29:48 Ancient Protector
29:51 Ancient Protector
» items
                
                | Boots of Speed | 1 |  | 
| Staff of Teleportation | 1 |  | 
| Orb of Venom | 1 |  | 
                3 total
  
               
              
              
RingDurchRing- (
red | 100 APM | 7524 actions | 75:11)
              
 8 Death Knight 
 3 Death Coil
 3 Unholy Aura
 2 Death Pact
 8 Lich 
 3 Frost Nova
 3 Dark Ritual
 1 Death and Decay
 1 Frost Armor
 
                » actions 
                
                | Assign group hotkey | 78 |  | 
| Basic commands | 621 |  | 
| Build / train | 143 |  | 
| ESC pressed | 8 |  | 
| Enter build submenu | 39 |  | 
| Enter hero's abilities submenu | 16 |  | 
| Give item / drop item | 3 |  | 
| Right click | 4032 |  | 
| Select / deselect | 1451 |  | 
| Select group hotkey | 815 |  | 
| Use ability | 318 |  | 
                7524 total
 » units 
                
                | Acolyte | 21 |  | 
| Ghoul | 4 |  | 
| Crypt Fiend | 17 |  | 
| Frost Wyrm | 11 |  | 
| Meatwagon | 16 |  | 
| Obsidian Statue | 1 |  | 
| Goblin Zeppelin | 1 |  | 
                71 total
 » upgrades
                
                | Burrow | 1 |  | 
| Creature Carapace | 3 |  | 
| Web | 1 |  | 
| Creature Attack | 4 |  | 
| Freezing Breath | 1 |  | 
| Disease Cloud | 1 |  | 
                11 total
 » buildings
                
                | Graveyard | 1 |  | 
| Crypt | 2 |  | 
| Altar of Darkness | 1 |  | 
| Ziggurat | 18 |  | 
| Tomb of Relics | 1 |  | 
| Nerubian Tower | 4 |  | 
| Halls of the Dead | 2 |  | 
| Necropolis | 2 |  | 
| Black Citadel | 2 |  | 
| Sacrificial Pit | 1 |  | 
| Boneyard | 2 |  | 
| Slaughterhouse | 4 |  | 
| Spirit Tower | 7 |  | 
                47 total
 » build order
                00:08 Graveyard
00:10 Crypt
00:41 Altar of Darkness
00:59 Ziggurat
01:27 Ziggurat
02:04 Tomb of Relics
02:31 Nerubian Tower
04:09 Halls of the Dead
05:09 Ziggurat
06:50 Ziggurat
08:12 Necropolis
08:40 Black Citadel
08:40 Black Citadel
09:06 Sacrificial Pit
10:29 Ziggurat
10:30 Ziggurat
11:57 Boneyard
11:59 Boneyard
12:01 Slaughterhouse
12:24 Crypt
13:11 Nerubian Tower
13:11 Spirit Tower
13:12 Ziggurat
13:14 Ziggurat
15:42 Spirit Tower
15:43 Spirit Tower
17:58 Necropolis
22:29 Ziggurat
23:46 Ziggurat
23:47 Ziggurat
23:48 Ziggurat
23:48 Ziggurat
25:03 Slaughterhouse
25:04 Slaughterhouse
25:04 Slaughterhouse
25:44 Spirit Tower
25:44 Nerubian Tower
25:45 Nerubian Tower
25:45 Spirit Tower
38:03 Ziggurat
38:04 Ziggurat
38:05 Ziggurat
38:08 Ziggurat
38:58 Spirit Tower
38:58 Spirit Tower
68:43 Ziggurat
» items
                
                | Rod of Necromancy | 2 |  | 
| Dust of Appearance | 1 |  | 
| Potion of Healing | 8 |  | 
| Scroll of Protection | 1 |  | 
| Scroll of Healing | 2 |  | 
| Potion of Lesser Invulnerability | 4 |  | 
| Orb of Corruption | 1 |  | 
| Scroll of Town Portal | 2 |  | 
                21 total
  
               
              
              
RingDurchRing. (
yellow | 76 APM | 5655 actions | 73:58)
              
 8 Tauren Chieftain 
 2 Endurance Aura
 3 War Stomp
 1 Reincarnation
 2 Shockwave
 
                » actions 
                
                | Assign group hotkey | 97 |  | 
| Basic commands | 288 |  | 
| Build / train | 78 |  | 
| ESC pressed | 6 |  | 
| Enter build submenu | 17 |  | 
| Enter hero's abilities submenu | 9 |  | 
| Give item / drop item | 3 |  | 
| Right click | 2394 |  | 
| Select / deselect | 939 |  | 
| Select group hotkey | 1598 |  | 
| Use ability | 224 |  | 
                5655 total
 » units 
                
                | Peon | 8 |  | 
| Grunt | 10 |  | 
| Demolisher | 9 |  | 
| Raider | 8 |  | 
| Troll Batrider | 7 |  | 
| Wind Rider | 1 |  | 
                43 total
 » upgrades
                
                | Ensnare | 1 |  | 
| Liquid Fire | 1 |  | 
| Burning Oil | 1 |  | 
| Ranged Weapons | 3 |  | 
                6 total
 » buildings
                
                | Altar of Storms | 1 |  | 
| Orc Burrow | 7 |  | 
| Barracks | 3 |  | 
| Voodoo Lounge | 1 |  | 
| Stronghold | 1 |  | 
| War Mill | 1 |  | 
| Beastiary | 2 |  | 
| Fortress | 1 |  | 
                17 total
 » build order
                00:07 Altar of Storms
00:12 Orc Burrow
00:45 Barracks
01:39 Orc Burrow
02:11 Voodoo Lounge
02:53 Stronghold
03:18 War Mill
04:15 Orc Burrow
04:33 Barracks
04:54 Barracks
06:23 Orc Burrow
07:14 Beastiary
08:33 Orc Burrow
12:21 Beastiary
12:23 Orc Burrow
18:36 Fortress
25:59 Orc Burrow
» items
                
                | Lesser Clarity Potion | 4 |  | 
| Healing Salve | 5 |  | 
| Scroll of Speed | 4 |  | 
| Potion of Mana | 1 |  | 
| Potion of Healing | 2 |  | 
| Orb of Lightning | 1 |  | 
                17 total
  
               team 2 (winner) 
              
              
giuseppe.it (
pink | 60 APM | 4518 actions | 75:11)
              
 7 Blademaster 
 3 Wind Walk
 3 Critical Strike
 1 Bladestorm
 
                » actions 
                
                | Assign group hotkey | 19 |  | 
| Build / train | 97 |  | 
| ESC pressed | 8 |  | 
| Enter build submenu | 50 |  | 
| Enter hero's abilities submenu | 7 |  | 
| Give item / drop item | 16 |  | 
| Remove unit from queue | 4 |  | 
| Right click | 3147 |  | 
| Select / deselect | 774 |  | 
| Select group hotkey | 125 |  | 
| Use ability | 270 |  | 
                4518 total
 » units 
                
                | Peon | 13 |  | 
| Troll Batrider | 21 |  | 
| Wind Rider | 2 |  | 
                36 total
 » upgrades
                
                | Liquid Fire | 1 |  | 
| Armor | 3 |  | 
| Reinforced Defenses | 1 |  | 
| Ranged Weapons | 1 |  | 
                6 total
 » buildings
                
                | War Mill | 1 |  | 
| Altar of Storms | 2 |  | 
| Orc Burrow | 7 |  | 
| Watch Tower | 28 |  | 
| Stronghold | 4 |  | 
| Voodoo Lounge | 3 |  | 
| Beastiary | 2 |  | 
| Fortress | 2 |  | 
| Great Hall | 1 |  | 
                50 total
 » build order
                00:24 War Mill
01:14 Altar of Storms
01:28 Orc Burrow
01:46 Watch Tower
02:19 Watch Tower
02:35 Watch Tower
03:12 Watch Tower
03:26 Orc Burrow
03:57 Watch Tower
04:17 Watch Tower
04:17 Watch Tower
04:21 Watch Tower
04:37 Watch Tower
05:03 Watch Tower
05:23 Watch Tower
05:50 Stronghold
05:51 Stronghold
05:51 Stronghold
06:17 Watch Tower
06:31 Voodoo Lounge
06:39 Watch Tower
06:58 Watch Tower
06:58 Watch Tower
08:23 Beastiary
08:25 Beastiary
08:31 Watch Tower
08:43 Watch Tower
08:56 Watch Tower
09:15 Fortress
09:38 Watch Tower
09:40 Watch Tower
10:20 Watch Tower
11:04 Watch Tower
11:15 Orc Burrow
11:17 Orc Burrow
12:51 Watch Tower
15:09 Orc Burrow
19:03 Watch Tower
21:33 Watch Tower
22:49 Watch Tower
22:59 Watch Tower
23:41 Voodoo Lounge
24:11 Watch Tower
25:22 Voodoo Lounge
28:35 Great Hall
39:12 Orc Burrow
40:49 Orc Burrow
43:38 Altar of Storms
» items
                
                | Boots of Speed | 1 |  | 
| Staff of Teleportation | 1 |  | 
| Lesser Clarity Potion | 10 |  | 
| Scroll of Speed | 1 |  | 
| Potion of Healing | 6 |  | 
| Healing Salve | 7 |  | 
| Orb of Lightning | 2 |  | 
| Potion of Mana | 2 |  | 
| Scroll of Regeneration | 1 |  | 
                31 total
  
               
              
              
GoToYurup (
blue | 95 APM | 7179 actions | 75:11)
              
 8 Warden 
 3 Shadow Strike
 3 Blink
 1 Spirit of Vengeance
 1 Fan of Knives
 
                » actions 
                
                | Assign group hotkey | 483 |  | 
| Basic commands | 14 |  | 
| Build / train | 80 |  | 
| ESC pressed | 26 |  | 
| Enter build submenu | 36 |  | 
| Enter hero's abilities submenu | 8 |  | 
| Give item / drop item | 21 |  | 
| Remove unit from queue | 4 |  | 
| Right click | 5270 |  | 
| Select / deselect | 437 |  | 
| Select group hotkey | 358 |  | 
| Use ability | 440 |  | 
                7179 total
 » units 
                » upgrades
                
                | Ultravision | 1 |  | 
| Strength of the Wild | 3 |  | 
| Reinforced Hides | 3 |  | 
| Well Spring | 1 |  | 
                8 total
 » buildings
                
                | Altar of Elders | 4 |  | 
| Moon Well | 12 |  | 
| Tree of Ages | 3 |  | 
| Hunter's Hall | 1 |  | 
| Tree of Eternity | 4 |  | 
| Ancient of Wind | 2 |  | 
| Ancient of Wonders | 1 |  | 
| Tree of Life | 3 |  | 
                30 total
 » build order
                00:03 Altar of Elders
00:16 Moon Well
02:25 Moon Well
03:43 Tree of Ages
03:51 Hunter's Hall
06:00 Moon Well
06:00 Moon Well
06:02 Moon Well
06:03 Moon Well
06:07 Tree of Eternity
06:07 Tree of Eternity
06:08 Tree of Eternity
06:23 Ancient of Wind
09:04 Ancient of Wind
10:32 Moon Well
10:33 Moon Well
10:37 Moon Well
10:42 Moon Well
10:45 Moon Well
11:32 Moon Well
14:38 Ancient of Wonders
19:42 Tree of Life
21:53 Tree of Life
42:09 Altar of Elders
42:17 Altar of Elders
45:09 Tree of Life
69:55 Altar of Elders
» items
                
                | Boots of Speed | 1 |  | 
| Staff of Teleportation | 1 |  | 
| Scroll of Town Portal | 6 |  | 
| Orb of Venom | 1 |  | 
| Healing Salve | 1 |  | 
                10 total
  
               
              
              
MrGoodmanners (
teal | 109 APM | 8211 actions | 75:11)
              
 5 Archmage 
 3 Blizzard
 2 Brilliance Aura
 3 Mountain King 
 2 Storm Bolt
 1 Bash
 
                » actions 
                
                | Assign group hotkey | 697 |  | 
| Basic commands | 113 |  | 
| Build / train | 679 |  | 
| ESC pressed | 10 |  | 
| Enter build submenu | 371 |  | 
| Enter hero's abilities submenu | 8 |  | 
| Remove unit from queue | 8 |  | 
| Right click | 3290 |  | 
| Select / deselect | 1797 |  | 
| Select group hotkey | 382 |  | 
| Use ability | 852 |  | 
                8211 total
 » units 
                
                | Peasant | 78 |  | 
| Dragonhawk Rider | 8 |  | 
| Goblin Zeppelin | 5 |  | 
| Siege Engine | 16 |  | 
| Gryphon Rider | 3 |  | 
                110 total
 » upgrades
                
                | Masonry | 3 |  | 
| Lumber Harvesting | 2 |  | 
| Magic Sentry | 1 |  | 
| Cloud | 1 |  | 
| Storm Hammers | 1 |  | 
| Swords | 2 |  | 
| Armor | 2 |  | 
| Barrage | 1 |  | 
| Plating | 3 |  | 
| Gunpowder | 3 |  | 
                19 total
 » buildings
                
                | Farm | 11 |  | 
| Lumber Mill | 2 |  | 
| Scout Tower | 519 |  | 
| Arcane Tower | 9 |  | 
| Guard Tower | 497 |  | 
| Town Hall | 8 |  | 
| Keep | 4 |  | 
| Altar of Kings | 1 |  | 
| Castle | 4 |  | 
| Arcane Vault | 1 |  | 
| Arcane Sanctum | 1 |  | 
| Gryphon Aviary | 4 |  | 
| Blacksmith | 2 |  | 
| Workshop | 4 |  | 
                1067 total
 » build order
                00:18 Farm
00:49 Lumber Mill
00:58 Scout Tower
01:02 Scout Tower
01:24 Arcane Tower
01:25 Arcane Tower
01:25 Arcane Tower
01:26 Scout Tower
01:34 Scout Tower
01:40 Scout Tower
01:41 Scout Tower
01:51 Guard Tower
01:51 Guard Tower
01:51 Guard Tower
01:55 Guard Tower
01:59 Scout Tower
02:00 Scout Tower
02:04 Scout Tower
02:04 Guard Tower
02:04 Guard Tower
02:14 Scout Tower
02:19 Guard Tower
02:19 Guard Tower
02:30 Guard Tower
02:31 Guard Tower
02:31 Guard Tower
02:31 Guard Tower
02:36 Scout Tower
02:41 Scout Tower
02:43 Guard Tower
02:47 Scout Tower
02:50 Guard Tower
02:50 Guard Tower
02:51 Scout Tower
02:52 Scout Tower
02:52 Scout Tower
02:56 Farm
03:08 Guard Tower
03:08 Guard Tower
03:09 Scout Tower
03:15 Arcane Tower
03:15 Arcane Tower
03:26 Scout Tower
03:29 Guard Tower
03:31 Guard Tower
03:31 Guard Tower
03:31 Guard Tower
03:44 Guard Tower
03:45 Scout Tower
03:50 Scout Tower
03:51 Guard Tower
03:51 Guard Tower
03:52 Scout Tower
03:56 Guard Tower
03:56 Guard Tower
03:57 Scout Tower
04:01 Scout Tower
04:10 Scout Tower
04:15 Guard Tower
04:16 Guard Tower
04:17 Scout Tower
04:19 Scout Tower
04:19 Scout Tower
04:34 Guard Tower
04:38 Guard Tower
04:38 Guard Tower
04:39 Scout Tower
04:41 Scout Tower
04:43 Guard Tower
04:46 Town Hall
04:48 Guard Tower
04:48 Guard Tower
04:49 Scout Tower
04:50 Scout Tower
05:05 Guard Tower
05:05 Guard Tower
05:07 Guard Tower
05:07 Guard Tower
05:08 Scout Tower
05:08 Scout Tower
05:16 Guard Tower
05:18 Scout Tower
05:30 Guard Tower
05:30 Guard Tower
05:31 Scout Tower
05:33 Scout Tower
05:35 Keep
05:35 Keep
05:40 Guard Tower
05:40 Guard Tower
05:41 Guard Tower
05:43 Scout Tower
05:56 Guard Tower
05:59 Scout Tower
06:01 Scout Tower
06:03 Guard Tower
06:03 Guard Tower
06:05 Guard Tower
06:13 Scout Tower
06:13 Scout Tower
06:18 Scout Tower
06:19 Scout Tower
06:20 Guard Tower
06:20 Guard Tower
06:22 Scout Tower
06:29 Scout Tower
06:29 Scout Tower
06:30 Scout Tower
06:30 Scout Tower
06:31 Scout Tower
06:31 Scout Tower
06:34 Guard Tower
06:34 Guard Tower
06:35 Guard Tower
06:48 Guard Tower
06:49 Guard Tower
06:49 Guard Tower
06:49 Guard Tower
06:50 Guard Tower
06:50 Guard Tower
06:51 Guard Tower
06:52 Guard Tower
06:53 Scout Tower
06:54 Scout Tower
07:14 Scout Tower
07:15 Scout Tower
07:15 Scout Tower
07:19 Scout Tower
07:20 Scout Tower
07:20 Scout Tower
07:30 Altar of Kings
07:32 Scout Tower
07:33 Scout Tower
07:47 Scout Tower
07:52 Guard Tower
07:58 Guard Tower
08:04 Scout Tower
08:05 Scout Tower
08:06 Scout Tower
08:06 Scout Tower
08:12 Guard Tower
08:13 Guard Tower
08:15 Guard Tower
08:26 Guard Tower
08:26 Scout Tower
08:34 Farm
08:36 Scout Tower
08:36 Guard Tower
08:37 Guard Tower
08:37 Guard Tower
08:46 Scout Tower
08:46 Scout Tower
08:56 Guard Tower
08:56 Guard Tower
08:57 Scout Tower
08:58 Scout Tower
09:01 Scout Tower
09:02 Scout Tower
09:04 Guard Tower
09:04 Guard Tower
09:05 Guard Tower
09:05 Guard Tower
09:15 Guard Tower
09:15 Guard Tower
09:17 Guard Tower
09:19 Scout Tower
09:20 Scout Tower
09:30 Castle
09:30 Castle
09:44 Guard Tower
09:51 Guard Tower
09:51 Guard Tower
09:53 Scout Tower
09:53 Scout Tower
09:59 Guard Tower
10:00 Guard Tower
10:01 Scout Tower
10:06 Guard Tower
10:15 Arcane Vault
10:44 Guard Tower
10:46 Scout Tower
10:47 Scout Tower
10:48 Guard Tower
10:48 Guard Tower
10:49 Scout Tower
10:50 Scout Tower
10:56 Scout Tower
10:58 Scout Tower
10:59 Scout Tower
11:07 Scout Tower
11:07 Scout Tower
11:08 Scout Tower
11:09 Scout Tower
11:09 Scout Tower
11:10 Scout Tower
11:30 Guard Tower
11:30 Guard Tower
11:30 Guard Tower
11:38 Scout Tower
11:39 Scout Tower
11:42 Scout Tower
11:43 Scout Tower
11:44 Scout Tower
11:44 Scout Tower
11:45 Scout Tower
11:46 Scout Tower
11:46 Scout Tower
11:47 Scout Tower
11:49 Scout Tower
11:51 Scout Tower
11:51 Scout Tower
11:55 Guard Tower
11:55 Guard Tower
12:03 Guard Tower
12:04 Guard Tower
12:07 Guard Tower
12:07 Guard Tower
12:07 Guard Tower
12:09 Scout Tower
12:10 Scout Tower
12:14 Guard Tower
12:14 Guard Tower
12:14 Guard Tower
12:45 Guard Tower
12:45 Guard Tower
12:53 Guard Tower
12:53 Guard Tower
12:57 Scout Tower
12:58 Scout Tower
12:59 Scout Tower
13:04 Guard Tower
13:04 Guard Tower
13:06 Scout Tower
13:06 Scout Tower
13:07 Scout Tower
13:09 Scout Tower
13:10 Scout Tower
13:10 Scout Tower
13:11 Scout Tower
13:16 Scout Tower
13:16 Scout Tower
13:18 Scout Tower
13:19 Scout Tower
13:21 Scout Tower
13:28 Guard Tower
13:32 Scout Tower
13:34 Guard Tower
13:34 Guard Tower
13:36 Scout Tower
13:36 Scout Tower
13:39 Scout Tower
14:03 Scout Tower
14:04 Scout Tower
14:05 Scout Tower
14:10 Guard Tower
14:11 Guard Tower
14:11 Guard Tower
14:12 Scout Tower
14:13 Scout Tower
14:14 Scout Tower
14:15 Guard Tower
14:17 Scout Tower
14:43 Scout Tower
15:00 Guard Tower
15:00 Guard Tower
15:01 Guard Tower
15:01 Guard Tower
15:17 Scout Tower
15:17 Scout Tower
15:37 Guard Tower
15:42 Scout Tower
15:50 Scout Tower
15:51 Scout Tower
15:54 Guard Tower
15:55 Guard Tower
15:55 Guard Tower
15:55 Guard Tower
15:59 Scout Tower
15:59 Scout Tower
16:17 Guard Tower
16:19 Scout Tower
16:21 Scout Tower
16:23 Guard Tower
16:23 Guard Tower
16:49 Guard Tower
16:50 Guard Tower
16:51 Scout Tower
16:51 Scout Tower
17:12 Scout Tower
17:13 Scout Tower
17:15 Guard Tower
17:15 Guard Tower
17:17 Scout Tower
17:17 Scout Tower
17:17 Scout Tower
17:33 Scout Tower
17:34 Scout Tower
17:42 Guard Tower
17:43 Scout Tower
17:43 Scout Tower
17:51 Guard Tower
17:52 Guard Tower
17:52 Guard Tower
17:52 Guard Tower
17:54 Scout Tower
17:55 Scout Tower
17:55 Scout Tower
18:26 Guard Tower
18:27 Guard Tower
18:30 Scout Tower
18:33 Scout Tower
18:33 Scout Tower
18:34 Scout Tower
18:34 Scout Tower
18:34 Scout Tower
18:40 Scout Tower
18:41 Scout Tower
19:27 Guard Tower
19:27 Guard Tower
19:28 Scout Tower
19:29 Scout Tower
19:35 Scout Tower
19:36 Scout Tower
19:38 Scout Tower
19:39 Scout Tower
19:39 Scout Tower
19:46 Scout Tower
19:47 Scout Tower
19:58 Scout Tower
20:06 Guard Tower
20:10 Scout Tower
20:11 Scout Tower
20:12 Scout Tower
20:17 Guard Tower
20:17 Guard Tower
20:27 Guard Tower
20:29 Guard Tower
20:32 Scout Tower
20:33 Scout Tower
20:35 Guard Tower
20:36 Scout Tower
20:39 Scout Tower
20:39 Scout Tower
20:41 Guard Tower
20:42 Scout Tower
20:42 Scout Tower
20:43 Scout Tower
20:48 Scout Tower
20:53 Guard Tower
20:54 Guard Tower
20:59 Scout Tower
21:00 Scout Tower
21:01 Scout Tower
21:07 Guard Tower
21:07 Guard Tower
21:07 Guard Tower
21:08 Scout Tower
21:09 Scout Tower
21:10 Scout Tower
21:14 Guard Tower
21:15 Guard Tower
21:30 Guard Tower
21:30 Guard Tower
21:34 Scout Tower
21:34 Scout Tower
21:35 Scout Tower
21:35 Guard Tower
21:35 Guard Tower
21:36 Guard Tower
21:40 Guard Tower
21:47 Guard Tower
21:48 Guard Tower
21:48 Guard Tower
21:53 Guard Tower
21:53 Guard Tower
21:54 Scout Tower
21:55 Scout Tower
21:56 Scout Tower
22:04 Scout Tower
22:04 Scout Tower
22:05 Scout Tower
22:05 Scout Tower
22:06 Scout Tower
22:07 Guard Tower
22:07 Guard Tower
22:22 Arcane Sanctum
22:27 Guard Tower
22:28 Guard Tower
22:32 Guard Tower
22:32 Guard Tower
22:37 Guard Tower
22:37 Guard Tower
22:44 Scout Tower
22:44 Scout Tower
22:45 Scout Tower
22:45 Scout Tower
22:46 Scout Tower
22:46 Scout Tower
22:53 Guard Tower
22:53 Guard Tower
23:06 Scout Tower
23:07 Scout Tower
23:08 Scout Tower
23:08 Scout Tower
23:23 Guard Tower
23:25 Scout Tower
23:27 Scout Tower
23:28 Scout Tower
23:42 Guard Tower
23:42 Guard Tower
23:52 Scout Tower
23:52 Scout Tower
23:52 Scout Tower
23:53 Scout Tower
23:53 Scout Tower
23:54 Scout Tower
23:54 Scout Tower
24:04 Scout Tower
24:04 Scout Tower
24:15 Guard Tower
24:16 Guard Tower
24:16 Guard Tower
24:17 Guard Tower
24:17 Guard Tower
24:21 Gryphon Aviary
24:22 Gryphon Aviary
24:26 Scout Tower
24:26 Scout Tower
24:29 Guard Tower
24:30 Guard Tower
24:54 Scout Tower
24:56 Scout Tower
24:59 Scout Tower
25:00 Scout Tower
25:05 Scout Tower
25:07 Guard Tower
25:07 Guard Tower
25:11 Guard Tower
25:12 Guard Tower
25:17 Guard Tower
25:17 Guard Tower
25:35 Guard Tower
25:35 Guard Tower
25:35 Guard Tower
25:36 Guard Tower
25:36 Guard Tower
25:36 Guard Tower
25:37 Guard Tower
25:37 Guard Tower
25:38 Guard Tower
25:38 Guard Tower
25:43 Guard Tower
25:44 Guard Tower
25:47 Scout Tower
25:48 Scout Tower
25:48 Scout Tower
25:57 Scout Tower
25:57 Scout Tower
25:58 Scout Tower
25:59 Scout Tower
26:00 Scout Tower
26:00 Scout Tower
26:05 Scout Tower
26:06 Scout Tower
26:06 Scout Tower
26:23 Town Hall
26:26 Scout Tower
26:26 Scout Tower
26:27 Scout Tower
26:27 Scout Tower
26:34 Farm
26:35 Farm
27:12 Guard Tower
27:12 Guard Tower
27:22 Guard Tower
27:23 Guard Tower
27:25 Guard Tower
27:26 Scout Tower
27:26 Scout Tower
27:30 Guard Tower
27:31 Scout Tower
27:33 Scout Tower
27:34 Scout Tower
27:42 Guard Tower
27:42 Guard Tower
27:46 Scout Tower
27:47 Scout Tower
27:47 Scout Tower
27:47 Scout Tower
27:57 Scout Tower
27:58 Scout Tower
28:41 Guard Tower
28:41 Guard Tower
28:41 Guard Tower
28:44 Guard Tower
28:47 Scout Tower
28:48 Scout Tower
28:48 Scout Tower
28:51 Scout Tower
28:51 Scout Tower
28:53 Guard Tower
28:53 Guard Tower
28:56 Scout Tower
28:56 Scout Tower
28:59 Scout Tower
29:01 Scout Tower
29:02 Scout Tower
29:03 Scout Tower
29:03 Scout Tower
29:07 Scout Tower
29:07 Scout Tower
29:08 Scout Tower
29:13 Scout Tower
29:13 Scout Tower
29:17 Scout Tower
29:18 Scout Tower
29:19 Scout Tower
29:20 Scout Tower
29:21 Scout Tower
30:41 Town Hall
30:45 Guard Tower
30:45 Guard Tower
30:48 Scout Tower
30:50 Scout Tower
30:52 Scout Tower
30:53 Scout Tower
30:53 Scout Tower
30:54 Scout Tower
30:54 Scout Tower
30:55 Scout Tower
30:55 Scout Tower
31:13 Guard Tower
31:13 Guard Tower
31:49 Guard Tower
31:49 Guard Tower
31:57 Guard Tower
31:57 Guard Tower
31:57 Guard Tower
32:23 Guard Tower
32:23 Guard Tower
32:37 Scout Tower
32:38 Scout Tower
32:38 Scout Tower
32:38 Scout Tower
33:22 Scout Tower
33:23 Scout Tower
33:23 Scout Tower
33:23 Scout Tower
33:24 Guard Tower
33:25 Guard Tower
33:34 Keep
33:34 Keep
34:03 Guard Tower
34:03 Guard Tower
34:06 Scout Tower
34:06 Scout Tower
34:07 Scout Tower
34:10 Scout Tower
34:11 Scout Tower
34:11 Scout Tower
34:12 Scout Tower
34:12 Scout Tower
34:20 Town Hall
34:21 Scout Tower
34:22 Scout Tower
34:22 Scout Tower
34:22 Scout Tower
34:23 Scout Tower
34:23 Scout Tower
34:24 Scout Tower
34:24 Scout Tower
34:26 Scout Tower
34:26 Scout Tower
34:49 Lumber Mill
35:05 Scout Tower
35:06 Scout Tower
35:06 Scout Tower
35:19 Scout Tower
35:21 Guard Tower
35:25 Guard Tower
35:25 Guard Tower
35:25 Guard Tower
35:28 Guard Tower
35:29 Guard Tower
35:31 Scout Tower
35:32 Scout Tower
35:32 Scout Tower
35:32 Scout Tower
35:35 Guard Tower
35:35 Guard Tower
35:36 Scout Tower
35:36 Scout Tower
35:36 Scout Tower
35:37 Scout Tower
35:44 Guard Tower
35:44 Guard Tower
35:47 Scout Tower
35:48 Scout Tower
35:49 Scout Tower
35:49 Guard Tower
35:50 Guard Tower
36:01 Scout Tower
36:01 Scout Tower
36:01 Scout Tower
36:04 Scout Tower
36:04 Scout Tower
36:04 Scout Tower
36:05 Scout Tower
36:05 Scout Tower
36:06 Scout Tower
36:06 Scout Tower
36:13 Guard Tower
36:13 Guard Tower
36:14 Scout Tower
36:14 Scout Tower
36:15 Scout Tower
36:16 Scout Tower
36:16 Scout Tower
36:18 Scout Tower
36:28 Castle
36:29 Farm
36:30 Farm
36:30 Farm
36:40 Guard Tower
36:41 Guard Tower
36:44 Scout Tower
36:44 Scout Tower
36:44 Scout Tower
36:58 Guard Tower
37:06 Guard Tower
37:09 Guard Tower
37:09 Guard Tower
37:11 Guard Tower
37:11 Guard Tower
37:15 Scout Tower
37:15 Scout Tower
37:16 Scout Tower
37:17 Scout Tower
37:18 Scout Tower
37:29 Guard Tower
37:29 Guard Tower
37:30 Guard Tower
37:31 Guard Tower
37:31 Scout Tower
37:32 Scout Tower
37:33 Scout Tower
37:33 Scout Tower
37:33 Scout Tower
37:54 Guard Tower
37:54 Guard Tower
38:20 Guard Tower
38:20 Guard Tower
38:20 Guard Tower
38:21 Scout Tower
38:22 Scout Tower
38:22 Scout Tower
38:45 Scout Tower
38:46 Scout Tower
38:52 Guard Tower
38:52 Guard Tower
38:53 Scout Tower
38:54 Scout Tower
38:55 Scout Tower
39:08 Scout Tower
39:09 Scout Tower
39:09 Scout Tower
39:09 Scout Tower
39:10 Scout Tower
39:31 Guard Tower
39:31 Guard Tower
39:32 Scout Tower
39:33 Scout Tower
39:33 Scout Tower
39:34 Scout Tower
39:40 Scout Tower
39:40 Scout Tower
39:46 Scout Tower
39:46 Scout Tower
39:47 Scout Tower
39:55 Guard Tower
40:08 Guard Tower
40:09 Guard Tower
40:09 Guard Tower
40:16 Guard Tower
40:17 Guard Tower
40:18 Scout Tower
40:18 Scout Tower
40:19 Scout Tower
40:28 Blacksmith
40:29 Blacksmith
40:33 Guard Tower
40:33 Guard Tower
40:36 Scout Tower
40:36 Scout Tower
40:37 Scout Tower
40:38 Scout Tower
40:39 Scout Tower
40:39 Guard Tower
40:40 Guard Tower
40:40 Guard Tower
41:07 Guard Tower
41:08 Guard Tower
41:13 Scout Tower
41:13 Scout Tower
41:14 Scout Tower
41:14 Scout Tower
41:33 Scout Tower
41:34 Scout Tower
41:40 Guard Tower
41:41 Guard Tower
41:41 Scout Tower
41:42 Scout Tower
42:56 Scout Tower
42:57 Scout Tower
42:58 Scout Tower
42:58 Scout Tower
42:59 Scout Tower
42:59 Scout Tower
42:59 Scout Tower
43:10 Guard Tower
43:11 Guard Tower
43:11 Scout Tower
43:12 Scout Tower
43:13 Scout Tower
43:14 Scout Tower
43:14 Scout Tower
43:27 Guard Tower
43:27 Guard Tower
43:29 Guard Tower
43:29 Guard Tower
43:30 Scout Tower
43:30 Scout Tower
43:32 Scout Tower
43:34 Scout Tower
43:49 Arcane Tower
44:10 Guard Tower
44:12 Scout Tower
44:13 Scout Tower
44:13 Scout Tower
44:13 Scout Tower
44:14 Scout Tower
44:15 Scout Tower
44:15 Scout Tower
44:19 Guard Tower
44:19 Guard Tower
44:22 Scout Tower
44:22 Scout Tower
44:24 Scout Tower
44:25 Scout Tower
44:25 Scout Tower
44:33 Scout Tower
44:33 Scout Tower
44:34 Scout Tower
44:36 Scout Tower
44:37 Scout Tower
45:49 Workshop
45:49 Workshop
46:02 Workshop
46:03 Workshop
46:15 Scout Tower
46:15 Scout Tower
46:15 Scout Tower
46:16 Scout Tower
46:18 Scout Tower
46:19 Scout Tower
46:20 Scout Tower
46:31 Guard Tower
46:31 Guard Tower
46:33 Scout Tower
46:33 Scout Tower
46:34 Scout Tower
46:34 Scout Tower
46:35 Scout Tower
46:36 Scout Tower
46:37 Scout Tower
46:47 Guard Tower
46:47 Guard Tower
46:48 Scout Tower
46:50 Scout Tower
46:50 Scout Tower
46:59 Scout Tower
47:00 Scout Tower
47:00 Scout Tower
47:01 Scout Tower
47:20 Scout Tower
47:20 Scout Tower
47:25 Guard Tower
47:27 Scout Tower
47:27 Guard Tower
47:42 Guard Tower
47:50 Guard Tower
47:51 Guard Tower
47:51 Guard Tower
47:51 Guard Tower
47:52 Guard Tower
47:52 Guard Tower
48:14 Guard Tower
48:14 Guard Tower
48:16 Guard Tower
48:30 Scout Tower
48:31 Scout Tower
49:12 Scout Tower
49:13 Scout Tower
49:13 Scout Tower
49:16 Scout Tower
49:16 Scout Tower
49:16 Scout Tower
50:15 Scout Tower
50:16 Scout Tower
50:17 Scout Tower
50:18 Guard Tower
50:18 Guard Tower
50:43 Farm
51:08 Farm
51:08 Farm
51:11 Guard Tower
51:11 Guard Tower
52:12 Scout Tower
52:12 Scout Tower
52:14 Scout Tower
52:15 Scout Tower
52:15 Scout Tower
52:16 Scout Tower
52:17 Scout Tower
52:17 Scout Tower
52:38 Guard Tower
52:39 Guard Tower
52:46 Guard Tower
52:46 Guard Tower
52:58 Scout Tower
52:59 Scout Tower
53:00 Scout Tower
53:00 Scout Tower
53:01 Scout Tower
53:49 Guard Tower
53:49 Guard Tower
53:52 Town Hall
54:25 Guard Tower
54:26 Guard Tower
54:27 Guard Tower
54:27 Guard Tower
54:55 Scout Tower
54:55 Scout Tower
54:56 Scout Tower
54:56 Scout Tower
54:56 Scout Tower
55:07 Scout Tower
55:07 Scout Tower
55:07 Scout Tower
55:10 Scout Tower
55:10 Scout Tower
55:11 Scout Tower
55:26 Guard Tower
55:26 Guard Tower
55:50 Town Hall
55:51 Guard Tower
55:51 Guard Tower
57:38 Guard Tower
57:38 Guard Tower
59:23 Scout Tower
59:23 Scout Tower
59:24 Scout Tower
60:13 Guard Tower
60:13 Guard Tower
60:14 Scout Tower
60:15 Scout Tower
60:15 Scout Tower
60:16 Scout Tower
60:16 Scout Tower
60:17 Scout Tower
61:37 Guard Tower
61:37 Guard Tower
61:40 Town Hall
62:36 Scout Tower
62:37 Scout Tower
62:37 Scout Tower
62:38 Scout Tower
62:38 Scout Tower
62:39 Scout Tower
62:39 Scout Tower
62:41 Scout Tower
62:41 Scout Tower
63:17 Guard Tower
63:17 Guard Tower
63:18 Guard Tower
63:18 Guard Tower
63:39 Guard Tower
63:39 Guard Tower
63:43 Town Hall
64:02 Scout Tower
64:02 Scout Tower
64:07 Guard Tower
64:07 Guard Tower
64:07 Guard Tower
64:09 Scout Tower
64:09 Scout Tower
64:10 Scout Tower
64:32 Guard Tower
64:33 Guard Tower
64:33 Guard Tower
64:33 Guard Tower
64:38 Guard Tower
64:39 Guard Tower
64:52 Guard Tower
64:53 Guard Tower
65:15 Guard Tower
65:16 Scout Tower
65:17 Scout Tower
65:17 Scout Tower
66:31 Guard Tower
66:32 Guard Tower
67:12 Guard Tower
67:12 Guard Tower
72:30 Gryphon Aviary
72:35 Gryphon Aviary
» items
                
                | Scroll of Town Portal | 1 |  | 
| Staff of Sanctuary | 1 |  | 
                2 total
  
               
              
              
» 
ShaneRutherford (
purple | 80 APM | 5986 actions | 75:11)
              
 10 Pit Lord 
 3 Rain of Fire
 3 Howl of Terror
 1 Doom
 3 Cleaving Attack
 
                » actions 
                
                | Assign group hotkey | 33 |  | 
| Basic commands | 84 |  | 
| Build / train | 119 |  | 
| ESC pressed | 11 |  | 
| Enter build submenu | 31 |  | 
| Enter hero's abilities submenu | 10 |  | 
| Give item / drop item | 12 |  | 
| Right click | 3951 |  | 
| Select / deselect | 412 |  | 
| Select group hotkey | 907 |  | 
| Use ability | 414 |  | 
                5986 total
 » units 
                » upgrades
                
                | Abolish Magic | 1 |  | 
| Ultravision | 1 |  | 
| Strength of the Wild | 3 |  | 
| Reinforced Hides | 3 |  | 
| Nature's Blessing | 1 |  | 
| Well Spring | 1 |  | 
                10 total
 » buildings
                
                | Altar of Elders | 3 |  | 
| Moon Well | 13 |  | 
| Tree of Life | 3 |  | 
| Tree of Ages | 1 |  | 
| Hunter's Hall | 2 |  | 
| Ancient of Lore | 3 |  | 
| Tree of Eternity | 1 |  | 
| Ancient of Wonders | 2 |  | 
                28 total
 » build order
                00:07 Altar of Elders
00:27 Moon Well
06:15 Tree of Life
06:59 Moon Well
08:45 Tree of Ages
09:19 Tree of Life
10:01 Hunter's Hall
10:29 Moon Well
10:29 Moon Well
11:25 Ancient of Lore
12:14 Tree of Life
12:29 Ancient of Lore
19:17 Tree of Eternity
20:59 Moon Well
21:01 Moon Well
26:27 Ancient of Wonders
26:36 Moon Well
34:01 Altar of Elders
35:23 Moon Well
35:25 Moon Well
38:58 Moon Well
39:25 Hunter's Hall
40:33 Ancient of Lore
47:32 Moon Well
50:56 Altar of Elders
53:54 Moon Well
53:55 Moon Well
55:23 Ancient of Wonders
» items
                
                | Boots of Speed | 1 |  | 
| Staff of Teleportation | 1 |  | 
| Lesser Clarity Potion | 8 |  | 
| Healing Salve | 2 |  | 
| Orb of Lightning | 3 |  | 
| Scroll of Town Portal | 5 |  | 
| Potion of Healing | 8 |  | 
| Potion of Mana | 3 |  | 
| Moonstone | 3 |  | 
                34 total
  
                Chat log
          (00:18 / All) RingDurchRing.: heil hitler
(00:21 / All) pepp-: sieg heil
(00:22 / All) RingDurchRing-: SIEG HEIL
(00:36 / All) ShaneRutherford: u guys somea kind of natzi
(00:38 / All) GoToYurup: hey are you some kind of nasti.
(00:49 / All) RingDurchRing.: Heil hitler
(01:04 / All) BullenschlitZer: Ich ficke ihn
(01:08 / All) BullenschlitZer: mit mass Fiends Alta
(01:10 / All) ShaneRutherford: ich bin batman.
(01:11 / All) BullenschlitZer: der Hurensohn
(01:17 / Allies) giuseppe.it: nes
(01:18 / Allies) giuseppe.it: res
(01:24 / All) BullenschlitZer: ich bin Jacky O alter
(01:46 / All) pepp-: do you like the demonhunter?
(01:54 / All) ShaneRutherford: i like to sucking dick.
(02:06 / All) BullenschlitZer: wieso bist du so frech du Nichtskönner
(02:07 / Allies) GoToYurup: ich bin jacky o alter
(02:11 / All) BullenschlitZer: check ma deine SOlostats alter
(02:15 / All) BullenschlitZer: deine chancen sind gleich null
(02:30 / All) BullenschlitZer: alter warst du bei der
(02:36 / All) BullenschlitZer: Boxarmdrückweltmeisterschaft
(02:36 / All) BullenschlitZer: dabei
(02:38 / All) BullenschlitZer: du Hurensohn
(08:33 / Allies) giuseppe.it: lum
(38:50 / Allies) giuseppe.it: dead
(42:23 / All) RingDurchRing.: SIEG HEIL
(42:32 / All) GoToYurup: LETS PLAY DOTA
(43:44 / All) MrGoodmanners: yo turn off maphack please.
(44:45 / All) RingDurchRing.: Leave pls
(44:46 / All) RingDurchRing.: JEW
(44:47 / All) RingDurchRing.: JEW
(44:47 / All) RingDurchRing.: LEAVE
(50:20 / Allies) giuseppe.it: 40 hp
(53:14 / All) pepp-: leave :e
(55:19 / Allies) giuseppe.it: holy shit
(56:56 / Allies) giuseppe.it: contrl my bm if you want, brb in 2
(58:53 / Allies) giuseppe.it: back
(63:47 / All) ShaneRutherford: no dryad for u NEXT!!!
(65:17 / All) ShaneRutherford: what it like
(65:20 / All) ShaneRutherford: to hack so blatantly
(65:24 / All) ShaneRutherford: and get owned so hard
(69:48 / Allies) giuseppe.it: bot expo is gone
(69:51 / All) MrGoodmanners: GG
(69:52 / All) MrGoodmanners: LEAVE
(70:00 / All) ShaneRutherford: heil hitler
(70:05 / All) RingDurchRing-: SIEG HEIL
(70:07 / All) GoToYurup: wheres ur hitler now . . ?
(70:08 / All) BullenschlitZer: untermenschen
(70:19 / All) pepp-: gg gut gehackt?
(70:58 / All) MrGoodmanners: no hero
(70:59 / All) MrGoodmanners: thx.
(72:09 / All) ShaneRutherford: ich bin du hast
(72:17 / All) BullenschlitZer: Nooballies
(72:22 / All) ShaneRutherford: you
(72:23 / All) MrGoodmanners: noob enemies
(72:24 / All) MrGoodmanners: is my problem
(72:26 / All) GoToYurup: u are ur own noob ally
(72:27 / All) BullenschlitZer: y
(72:28 / All) pepp-: :e
(72:29 / All) BullenschlitZer: thats why
(72:30 / All) BullenschlitZer: i fucked u up
(72:31 / All) pepp-: LOL
(72:34 / All) ShaneRutherford: lmao
(72:35 / All) BullenschlitZer: talking about mapahck u fuckuing cunt ?
(72:36 / All) pepp-: your solo stats xD
(72:39 / All) BullenschlitZer: maphack isnt even nearly worst
(72:40 / All) GoToYurup: haha you maphack so obviously
(72:43 / All) BullenschlitZer: like playing such a pussy tec
(72:49 / All) MrGoodmanners: so you admit to hacking. yes
(72:50 / All) MrGoodmanners: thx
(72:52 / All) GoToYurup: maphack is cheating dumb nerd
(72:56 / All) MrGoodmanners: feels great to beat noobs w/ maphack
(72:57 / All) BullenschlitZer: i dont
(72:58 / All) BullenschlitZer: maphack
(73:00 / All) BullenschlitZer: want screenshot
(73:01 / All) BullenschlitZer: ?
(73:05 / All) MrGoodmanners: already have replay
(73:08 / All) MrGoodmanners: good enough, thx.
(73:14 / All) BullenschlitZer: if 
(73:16 / All) BullenschlitZer: my allies mHJ
(73:20 / All) BullenschlitZer: Doesnt mean i do
(73:23 / All) MrGoodmanners: why did you even bother with the if
(73:34 / All) GoToYurup: yellow maphacked so obviously it was hilarious
(73:38 / All) GoToYurup: at least try and hide it.. have some class
(73:41 / All) pepp-: yeah watch rep and watch who blinks no names
(73:42 / All) RingDurchRing.: XD
(73:51 / Allies) giuseppe.it: bit of gold for revive
(74:01 / All) ShaneRutherford: LOL
(74:02 / All) GoToYurup: bye shitnoobs
(74:02 / Allies) giuseppe.it: ty
(74:03 / All) GoToYurup: just leave
(74:06 / All) ShaneRutherford: ty for win
(74:09 / All) MrGoodmanners: ty for free win.
(74:09 / All) GoToYurup: you're atrocious european trash
(74:10 / All) ShaneRutherford: my very firs t1.......
(74:11 / All) MrGoodmanners: danke schön 
(74:23 / All) BullenschlitZer: funyn thing is
(75:00 / All) MrGoodmanners: gg
(75:04 / All) MrGoodmanners: hackers never win